 Dungeon Crawl Stone Soup version 0.25.1-2-g60ff931df9 (webtiles) character file.

Game seed: 3348065471383272326

309010 Delamore the Hoplite (level 21, -3/219 HPs)
             Began as a Gargoyle Fighter on Sept 1, 2020.
             Was the Champion of Qazlal.
             Slain by a deep elf blademaster
             ... wielding a +0 rapier
              (6 damage)
             ... on level 3 of the Elven Halls.
             The game lasted 00:48:56 (36554 turns).

Delamore the Hoplite (Gargoyle Fighter)            Turns: 36554, Time: 00:48:57

Health: -3/219     AC: 40    Str: 26    XL:     21   Next: 22%
Magic:  20/29      EV: 14    Int: 17    God:    Qazlal [******]
Gold:   2905       SH: 27    Dex: 16    Spells: 32/35 levels left

rFire    . . .     SeeInvis +   h - +6 eveningstar (elec)
rCold    + + .     Gourm    .   c - +1 kite shield
rNeg     + + +     Faith    .   q - +4 ring mail of the Lute {rPois Dex+5 Slay+5}
rPois    ∞         Spirit   .   Z - +2 helmet {Int+3}
rElec    +         Reflect  .   j - +1 cloak of Starlight {rElec rC+ EV+4 Stlth--}
rCorr    .         Harm     .   Q - +1 pair of gloves of Jiusuacw {rN+}
MR       ++...                  G - +0 pair of boots
Stlth    ..........             r - amulet of regeneration
HPRegen  0.86/turn              X - ring of Sauts {rC+ rN+ Int+3 Slay+2 SInv}
MPRegen  0.21/turn              w - ring of Agavuose {MR+ Int+2 Dex+4}

@: berserking, about to teleport, protected from physical damage, flying,
studying 2 skills, repel missiles, very quick
A: big wings, [blurry vision 1], [clumsy 1], [dopey 2], [low mp 1], negative
energy resistance 1, [screaming 2], electricity resistance, unbreathing,
petrification resistance, rot immunity, AC +16
}: 2/15 runes: decaying, gossamer
a: Stop Flying, Upheaval, Elemental Force, Disaster Area, Renounce Religion


You were on level 3 of the Elven Halls.
You worshipped Qazlal.
Qazlal was exalted by your worship.
You were not hungry.

You visited 6 branches of the dungeon, and saw 34 of its levels.
You visited the Abyss 1 time.
You also visited: Ossuary, Bailey, Ice Cave, Volcano and Wizlab.

You collected 4273 gold pieces.
You spent 1368 gold pieces at shops.

Inventory:

Hand Weapons
 h - a +6 eveningstar of electrocution (weapon)
 F - a +4 eveningstar of flaming
 U - the +9 staff of Wucad Mu {channel}
   (You found it in a wizard's laboratory)
Missiles
 b - 4 curare-tipped darts
 O - a throwing net (quivered)
 P - 6 javelins
Armour
 c - a +1 kite shield (worn)
 j - the +1 cloak of Starlight (worn) {rElec rC+ EV+4 Stlth--}
   (You found it on level 1 of the Orcish Mines)

   It affects your evasion (+4).
   It protects you from cold.
   It insulates you from electricity.
   It makes you much less stealthy.
 q - the +4 ring mail of the Lute (worn) {rPois Dex+5 Slay+5}
   (You found it on level 7 of the Dungeon)

   It affects your dexterity (+5).
   It affects your accuracy and damage with ranged weapons and melee attacks
   (+5).
   It protects you from poison.
 G - a +0 pair of boots (worn)
 Q - the +1 pair of gloves of Jiusuacw (worn) {rN+}
   (You found it on level 2 of the Spider Nest)

   It protects you from negative energy.
 Z - a +2 helmet of intelligence (worn)
Jewellery
 r - an amulet of regeneration (around neck)
 w - the ring of Agavuose (right hand) {MR+ Int+2 Dex+4}
   (You took it off an orc warrior in a bailey)

   [ring of protection from magic]

   It affects your intelligence (+2).
   It affects your dexterity (+4).
   It affects your resistance to hostile enchantments.
 X - the ring of Sauts (left hand) {rC+ rN+ Int+3 Slay+2 SInv}
   (You bought it in a shop on level 11 of the Dungeon)

   [ring of positive energy]

   It affects your intelligence (+3).
   It affects your accuracy and damage with ranged weapons and melee attacks
   (+2).
   It protects you from cold.
   It protects you from negative energy.
   It lets you see invisible.
Wands
 y - a wand of paralysis (37)
 A - a wand of disintegration (12)
 B - a wand of polymorph (37)
 I - a wand of iceblast (49)
 J - a wand of enslavement (13)
 L - a wand of acid (14)
Scrolls
 e - 6 scrolls of teleportation
 i - 4 scrolls of amnesia
 k - a scroll of brand weapon
 o - 31 scrolls of remove curse
 s - 9 scrolls of fog
 t - 11 scrolls of enchant armour
 u - 4 scrolls of magic mapping
 z - a scroll of enchant weapon
 C - 3 scrolls of fear
 M - 7 scrolls of immolation
 R - 18 scrolls of identify
 T - a scroll of holy word
 V - 2 scrolls of summoning
Potions
 a - 2 potions of magic
 d - 4 potions of might
 n - 3 potions of cancellation
 v - 7 potions of resistance
 x - 2 potions of brilliance
 H - 4 potions of invisibility
 K - a potion of haste
 N - 5 potions of berserk rage
 S - a potion of mutation
Books
 l - a manual of
Armour
 Y - a manual of Translocations
Miscellaneous
 p - a lightning rod (4/4)
Comestibles
 f - 47 rations


   Skills:
 - Level 20.0 Fighting
 - Level 16.0 Maces & Flails
 - Level 10.9 Armour
 + Level 23.8 Shields
 + Level 7.5 Spellcasting
 - Level 7.0 Invocations


You had 32 spell levels left.
You knew the following spells:

 Your Spells              Type           Power        Failure   Level  Hunger
a - Lesser Beckoning      Tloc           #.........   41%         3    ##.....

Your spell library contained the following spells:

 Spells                   Type           Power        Failure   Level  Hunger
 Corona                   Hex            #......      16%         1    None
 Foxfire                  Conj/Fire      #...         16%         1    None
 Infusion                 Chrm           #...         16%         1    None
 Summon Butterflies       Summ           #.......     16%         1    None
 Blink                    Tloc           N/A          22%         2    None
 Ensorcelled Hibernation  Hex/Ice        #.....       22%         2    None
 Shroud of Golubria       Chrm/Tloc      #.....       22%         2    None
 Song of Slaying          Chrm           #.......     22%         2    None
 Call Canine Familiar     Summ           #.......     41%         3    ##.....
 Confusing Touch          Hex            #.......     41%         3    ##.....
 Dazzling Flash           Conj/Hex       #.....       41%         3    ##.....
 Gell's Gravitas          Tloc           #.........   41%         3    ##.....
 Ignite Poison            Fire/Tmut/Pois #.......     41%         3    ##.....
 Ozocubu's Armour         Chrm/Ice       #.......     41%         3    ##.....
 Spectral Weapon          Hex/Chrm       #.......     41%         3    ##.....
 Teleport Other           Tloc           #.......     41%         3    ##.....
 Tukima's Dance           Hex            #.......     41%         3    ##.....
 Cause Fear               Hex            #.........   83%         4    ####...
 Passage of Golubria      Tloc           N/A          83%         4    ####...
 Petrify                  Tmut/Erth      #.......     83%         4    ####...
 Summon Ice Beast         Ice/Summ       #.......     83%         4    ####...
 Fireball                 Conj/Fire      #.........   99%         5    #####..
 Metabolic Englaciation   Hex/Ice        #.........   99%         5    #####..
 Silence                  Hex/Air        #.........   99%         5    #####..
 Summon Mana Viper        Hex/Summ       #.......     99%         5    #####..
 Yara's Violent Unravell  Hex/Tmut       #.........   99%         5    #####..
 Starburst                Conj/Fire      #.........   100%        6    #######
 Dragon Form              Tmut           #.........   100%        7    #######
 Ring of Flames           Chrm/Fire      #.........   100%        7    #######
 Summon Hydra             Summ           #.........   100%        7    #######
 Discord                  Hex            #.........   100%        8    #######
 Ignition                 Fire           #.........   100%        8    #######
 Dragon's Call            Summ           #.........   100%        9    #######


Dungeon Overview and Level Annotations

Branches:
Dungeon (15/15)            Temple (0/1) D:6            Lair (6/6) D:11
  Swamp (4/4) Lair:4       Spider (4/4) Lair:3        Slime (0/5) Lair:6
    Orc (2/2) D:10            Elf (3/3) Orc:2        Vaults (0/5) D:13
 Depths (0/5) D:15        Ossuary (visited)          Bailey (visited)
  IceCv (visited)         Volcano (visited)          WizLab (visited)

Altars:
Dithmenos
Elyvilon
Fedhas
Gozag
Kikubaaqudgha
Makhleb
Nemelex Xobeh
Okawaru
Qazlal
Ru
Sif Muna
Uskayaw
Wu Jian
Yredelemnul
Zin
The Shining One
Jiyva

Shops:
D:5 (   D:8 [   D:9 *   D:11 =   D:12 %   D:14 *   D:15 [   Orc:2 }?*%
Elf:2 [

Annotations:
Swamp:3 Roxanne


Innate Abilities, Weirdness & Mutations

You are resistant to torment.
Your stone body is resilient. (AC +16)
You are immune to poison.
Your large and strong wings let you fly indefinitely.
You resist negative energy. (rN+)
You are resistant to electric shocks. (rElec)
You can survive without breathing.
You are immune to petrification.
You are immune to rotting.
[Scrolls take you a little longer to read.]
[You are clumsy. (Dex -2)]
[You are very dopey. (Int -4)]
[Your magical capacity is low. (-10% MP)]
[You sometimes yell uncontrollably at your foes.]


Message History

You feel more energetic.
The deep elf blademaster hits you with a +0 quick blade!
* * * LOW HITPOINT WARNING * * *
The deep elf blademaster hits you but does no damage.
As you read the scroll of teleportation, it crumbles to dust.
You feel strangely unstable.
Okay, then.
Okay, then.
A red film seems to cover your vision as you go berserk!
You feel yourself moving faster!
You feel mighty!
Your air elemental disappears in a puff of smoke!
The small abomination is engulfed in freezing vapours.
You destroy the small abomination!
Qazlal accepts your kill.
You block the deep elf death mage's attack.
The deep elf blademaster is struck by lightning.
You block the deep elf blademaster's attack.
The deep elf blademaster hits you but does no damage.
The deep elf blademaster hits you with a +0 rapier.
You die...

.#.............
#.#.#..#.##...
#.......##
.........##
...######.######
.## ##.#...## .
##.....##
#####...E§e#####
#....<..$§)@e.§.#
######....○e.##e#
#########


You could see 2 deep elf blademasters, a deep elf death mage and a friendly
water elemental (summoned).

Vanquished Creatures
  Nikola (Swamp:3)
  A tentacled monstrosity (Swamp:4)
  An Ice Fiend (IceCv)
  Frances (D:12)
  2 deep elf blademasters
  Gastronok (D:11)
  3 tentacled starspawn (Abyss:2)
  The ghost of Nuqinleag the Devastator, an adept GrEE of Vehumet (Spider:2)
  A thorn hunter (Swamp:3)
  2 deep elf sorcerers (Elf:3)
  5 emperor scorpions
  A fire giant (Orc:1)
  5 ghost moths
  A deep elf elementalist (Elf:3)
  2 angels (Elf:1)
  A stone giant (Orc:2)
  An entropy weaver (Spider:2)
  The ghost of Elkerch the Sharpshooter, a journeyman CeAM of Okawaru (Lair:6)
  2 deep elf annihilators
  2 deep elf demonologists (Elf:3)
  2 spark wasps
  An orange crystal statue (WizLab)
  An ettin (Orc:1)
  2 green deaths
  Josephine (D:11)
  21 hydras
  A naga warrior (Abyss:2)
  A rakshasa (Abyss:2)
  Erolcha (D:9)
  A deep elf high priest (Elf:1)
  A shambling mangrove (Swamp:3)
  A vault guard (D:13)
  A centaur warrior (D:14)
  A catoblepas (Lair:4)
  Erica (D:8)
  5 alligators
  2 ogre magi
  4 death yaks (Lair:3)
  13 two-headed ogres
  25 dancing weapons
  5 orc high priests
  A spriggan berserker (Swamp:3)
  2 thrashing horrors
  13 deep elf knights
  A hell knight (Volcano)
  3 wretched stars (Abyss:2)
  3 skeletal warriors (D:15)
  A sixfirhy (Abyss:2)
  3 unseen horrors
  A spectral hydra (Lair:6)
  2 spriggan druids (Swamp:3)
  6 swamp dragons
  12 deep elf archers
  2 wizards (D:15)
  4 orc knights (Orc:2)
  24 orb spiders
  13 ugly things
  A manticore (D:15)
  A salamander (Abyss:2)
  50 deep elf magi
  6 orc sorcerers
  16 cyclopes
  18 wolf spiders
  4 black mambas
  12 elephants
  Maurice (Orc:1)
  Psyche (D:8)
  A moth of wrath (Spider:3)
  6 centaur skeletons
  5 orange demons (Swamp:4)
  A smoke demon (Abyss:2)
  A naga mage (D:15)
  4 torpor snails
  A guardian serpent (Abyss:2)
  Joseph (D:8)
  3 ice statues (IceCv)
  Maggie (Lair:2)
  2 kobold demonologists
  24 spiny frogs
  9 demonic crawlers
  A rime drake (Lair:6)
  An ancient zyme (Abyss:2)
  A golden dragon simulacrum (IceCv)
  10 komodo dragons
  An anaconda simulacrum (IceCv)
  12 ice devils
  2 efreet
  26 jumping spiders
  6 trolls
  9 polar bears
  10 tyrant leeches
  4 blink frogs (Lair:3)
  8 bog bodies
  30 hornets
  3 raiju (Abyss:2)
  An alligator zombie (Abyss:2)
  Grinder (D:5)
  23 slime creatures
  A spectral dream sheep (Lair:6)
  11 hippogriffs
  9 dream sheep (Lair:6)
  21 spriggans
  4 shadows
  25 tarantellas
  6 water elementals
  3 ynoxinuls (Abyss:2)
  41 redbacks
  3 air elementals
  A vampire (D:14)
  4 hogs (D:7)
  5 wraiths
  2 dire elephant simulacra (IceCv)
  12 humans
  A spectral komodo dragon (Lair:6)
  5 wyverns
  47 yaks
  A basilisk (shapeshifter) (Abyss:2)
  6 large abominations
  6 basilisks
  8 fire elementals
  2 steam dragons
  4 hungry ghosts
  18 vampire mosquitoes
  8 wargs
  4 harpy simulacra (IceCv)
  A chaos spawn (Abyss:2)
  A death yak simulacrum (Lair:6)
  A hydra simulacrum (IceCv)
  2 soldier ants
  23 insubstantial wisps
  An iron troll simulacrum (IceCv)
  19 swamp worms
  A spectral spiny frog (Lair:6)
  10 porcupines
  A soldier ant (shapeshifter) (D:14)
  8 water moccasins
  A spiny frog zombie (Abyss:2)
  4 swamp drakes
  An eye of draining (Abyss:2)
  4 black bears
  3 ice beasts
  20 ogres
  26 orc warriors
  3 sky beasts
  A necrophage (D:11)
  A phantom (D:14)
  17 centaurs
  4 boggarts (Lair:6)
  25 wolves
  18 crocodiles
  2 elf zombies (Ossuary)
  14 bullfrogs
  3 big kobolds
  4 earth elementals (Elf:1)
  3 scorpions
  A water moccasin skeleton (D:7)
  4 wights (D:14)
  5 killer bees
  4 electric eels
  A torpor snail simulacrum (Lair:6)
  6 crimson imps
  6 centaur zombies
  2 human zombies (Ossuary)
  8 hounds
  19 orc priests
  A bullfrog zombie (D:10)
  4 jellies
  3 quasits (Abyss:2)
  4 bullfrog skeletons
  22 orc wizards
  An iron imp (Abyss:2)
  3 small abominations
  5 iguanas
  10 worker ants
  A big kobold zombie (Ossuary)
  A hound skeleton (D:6)
  3 mummies (Ossuary)
  13 adders
  A shadow imp (D:15)
  2 white imps (Abyss:2)
  An ufetubus (Abyss:2)
  8 adder zombies
  2 adder skeletons
  4 worms
  3 dart slugs
  4 leopard geckos
  85 orcs
  5 ball pythons
  6 bats
  2 giant cockroaches
  9 goblins
  5 hobgoblins
  7 jackals
  4 quokkas
  2 frilled lizards
  3 goblin zombies (Ossuary)
  5 hobgoblin zombies (Ossuary)
  2 jackal zombies (Ossuary)
  23 kobolds
  3 kobold zombies (Ossuary)
  A leopard gecko skeleton (D:5)
  An orc zombie (Ossuary)
  4 quokka zombies (Ossuary)
  2 rats
  5 rat zombies (Ossuary)
  2 briar patches (Swamp:3)
1343 creatures vanquished.

Vanquished Creatures (collateral kills)
  A deep elf sorcerer (Elf:3)
1 creature vanquished.

Vanquished Creatures (others)
  A two-headed ogre (Volcano)
  A deep elf knight (Elf:1)
  A jumping spider (Spider:4)
  A briar patch (Swamp:3)
  9 fungi
  6 plants
  4 starspawn tentacles (Abyss:2)
23 creatures vanquished.

Grand Total: 1367 creatures vanquished

Notes
Turn   | Place    | Note
-------+----------+-------------------------------------------
     0 | D:1      | Delamore the Gargoyle Fighter began the quest for the Orb.
     0 | D:1      | Reached XP level 1. HP: 14/14 MP: 1/1
    23 | D:1      | You fall into a shaft and drop 1 floor!
   251 | D:2      | Reached XP level 2. HP: 19/19 MP: 2/2
   260 | D:2      | Found a stormy altar of Qazlal.
   263 | D:2      | Found a hide-covered altar of Uskayaw.
   278 | D:2      | Found a shimmering blue altar of Sif Muna.
   281 | D:2      | Found a sparkling altar of Nemelex Xobeh.
   287 | D:2      | Became a worshipper of Qazlal Stormbringer
   504 | D:2      | Reached XP level 3. HP: 23/23 MP: 3/3
   797 | D:2      | Reached XP level 4. HP: 24/28 MP: 4/4
  1594 | D:3      | Reached * piety under Qazlal
  1804 | D:3      | Reached skill level 5 in Maces & Flails
  1804 | D:3      | Reached XP level 5. HP: 32/32 MP: 5/5
  2069 | D:4      | Noticed an ogre
  2080 | D:4      | Killed an ogre
  2080 | D:4      | Reached XP level 6. HP: 18/37 MP: 6/6
  2430 | D:4      | Got a steaming whip
  2431 | D:4      | Identified the cursed +0 whip of Tenacity {elec, *Slow
                  | rElec rC- Str+6} (You found it on level 4 of the Dungeon)
  2639 | D:4      | Reached XP level 7. HP: 21/41 MP: 7/7
  2926 | D:5      | Entered Level 5 of the Dungeon
  2929 | D:5      | Noticed Grinder
  3303 | D:5      | Found Foyck's Antique Weapon Emporium.
  3335 | D:5      | Reached XP level 8. HP: 22/46 MP: 8/8
  3417 | D:5      | Found a sand-covered staircase.
  3425 | Ossuary  | Entered an ossuary
  3569 | Ossuary  | Reached ** piety under Qazlal
  3786 | Ossuary  | Reached skill level 10 in Maces & Flails
  3905 | D:5      | Killed Grinder
  4220 | D:6      | Found a staircase to the Ecumenical Temple.
  4375 | D:6      | Reached *** piety under Qazlal
  4392 | D:6      | Reached XP level 9. HP: 33/51 MP: 9/9
  4793 | D:6      | Reached skill level 4 in Shields
  5599 | D:7      | Reached skill level 5 in Fighting
  5599 | D:7      | Reached skill level 5 in Armour
  5599 | D:7      | Reached skill level 5 in Shields
  5622 | D:7      | Reached XP level 10. HP: 55/59 MP: 10/10
  5639 | D:7      | Got a transparent ring mail
  5650 | D:7      | Identified the +4 ring mail of Voison {Harm Str+3 Int+4}
                  | (You found it on level 7 of the Dungeon)
  5819 | D:7      | Found an opulent altar of Gozag.
  5863 | D:7      | Got an amber-encrusted ring mail
  5874 | D:7      | Identified the +4 ring mail of the Lute {rPois Dex+5
                  | Slay+5} (You found it on level 7 of the Dungeon)
  6026 | D:8      | Reached **** piety under Qazlal
  6135 | D:8      | Got a bloodstained ring mail
  6136 | D:8      | Noticed Erica
  6173 | D:7      | Identified the cursed +0 ring mail of Valiance {Str+2} (You
                  | found it on level 8 of the Dungeon)
  6191 | D:8      | Noticed Joseph
  6197 | D:8      | Killed Erica
  6210 | D:8      | Killed Joseph
  6227 | D:8      | Noticed Psyche
  6323 | D:8      | Killed Psyche
  6905 | D:8      | Found Keoli's Armour Boutique.
  7279 | D:9      | Found a blossoming altar of Fedhas.
  7283 | D:9      | Reached XP level 11. HP: 63/63 MP: 11/11
  7286 | D:9      | Found a basalt altar of Yredelemnul.
  7286 | D:9      | Found an iron altar of Okawaru.
  7286 | D:9      | Found an ornate altar of the Wu Jian Council.
  7320 | D:9      | Noticed Erolcha
  7322 | D:9      | Reached ***** piety under Qazlal
  7330 | D:9      | Killed Erolcha
  7330 | D:9      | Reached skill level 15 in Maces & Flails
  7424 | D:9      | Found a white marble altar of Elyvilon.
  7559 | D:9      | Found Xyodelow's Assorted Antiques.
  7575 | D:9      | Bought a dented platinum amulet for 185 gold pieces
  7790 | D:9      | Found a sacrificial altar of Ru.
  7838 | D:9      | Reached skill level 6 in Shields
  8071 | D:10     | Entered Level 10 of the Dungeon
  8291 | D:10     | Found a staircase to the Orcish Mines.
  8315 | D:10     | Found a burning altar of Makhleb.
  8516 | D:10     | Noticed a two-headed ogre
  8526 | D:10     | Killed a two-headed ogre
  8526 | D:10     | Reached skill level 7 in Shields
  8788 | D:11     | Noticed a white ugly thing
  8800 | D:11     | Killed a white ugly thing
  8823 | D:11     | Noticed a red ugly thing
  8838 | D:11     | Killed a red ugly thing
  8847 | D:11     | Reached skill level 8 in Shields
  9044 | D:11     | Found a staircase to the Lair.
  9085 | D:11     | Reached XP level 12. HP: 75/75 MP: 12/12
  9125 | D:11     | Reached skill level 9 in Shields
  9270 | D:11     | Noticed Gastronok
  9277 | D:11     | Noticed Josephine
  9288 | D:11     | Killed Gastronok
  9306 | D:11     | Killed Josephine
  9306 | D:11     | Reached skill level 10 in Fighting
  9306 | D:11     | Reached skill level 10 in Shields
  9350 | D:11     | Found Uttes's Jewellery Shop.
  9857 | Lair:1   | Entered Level 1 of the Lair of Beasts
  9892 | Lair:1   | You fall into a shaft and drop 1 floor!
 10004 | Lair:1   | Found a dark tunnel.
 10009 | Volcano  | Entered a volcano
 10025 | Volcano  | Noticed an ogre mage
 10025 | Volcano  | Noticed a two-headed ogre
 10026 | Volcano  | Noticed a two-headed ogre
 10028 | Volcano  | Noticed a two-headed ogre
 10030 | Volcano  | Noticed a two-headed ogre
 10031 | Volcano  | Noticed a two-headed ogre
 10032 | Volcano  | Noticed a two-headed ogre
 10040 | Volcano  | Killed a two-headed ogre
 10041 | Volcano  | Killed a two-headed ogre
 10050 | Volcano  | Killed a two-headed ogre
 10051 | Volcano  | Killed a two-headed ogre
 10052 | Volcano  | Killed an ogre mage
 10052 | Volcano  | Reached skill level 11 in Shields
 10053 | Volcano  | Killed a two-headed ogre
 10057 | Volcano  | Killed a two-headed ogre
 10084 | Volcano  | Noticed a hell knight
 10090 | Volcano  | Killed a hell knight
 10291 | Volcano  | Found a burning altar of Makhleb.
 10542 | Lair:1   | Reached XP level 13. HP: 74/84 MP: 13/13
 10977 | Lair:2   | Noticed Maggie
 10993 | Lair:2   | Killed Maggie
 10993 | Lair:2   | Reached skill level 12 in Shields
 12214 | Lair:3   | Reached skill level 13 in Shields
 12220 | Lair:3   | Reached ****** piety under Qazlal
 12652 | Lair:3   | Found a hole to the Spider Nest.
 13357 | Lair:4   | Found a staircase to the Swamp.
 13445 | Lair:4   | Gained mutation: Your large and strong wings let you fly
                  | indefinitely. [Gargoyle growth]
 13445 | Lair:4   | Reached XP level 14. HP: 84/95 MP: 14/14
 13715 | Lair:4   | Got a pitted scale mail
 13726 | Lair:4   | Identified the +5 scale mail of the Wheelwright {+Inv rC+
                  | Str-2} (You found it on level 4 of the Lair of Beasts)
 14211 | Lair:4   | Reached skill level 14 in Shields
 15430 | Lair:6   | Entered Level 6 of the Lair of Beasts
 15430 | Lair:6   | Found a staircase to the Slime Pits.
 15430 | Lair:6   | Found a viscous altar of Jiyva.
 15878 | Lair:6   | Reached skill level 15 in Fighting
 15878 | Lair:6   | Reached skill level 15 in Shields
 15888 | Lair:6   | Reached skill level 1 in Invocations
 16311 | Lair:6   | Found a runed translucent gate.
 16311 | Lair:6   | Found a runed translucent gate.
 16311 | Lair:6   | Found a runed translucent gate.
 16312 | Lair:6   | Noticed Elkerch's ghost (journeyman CeAM)
 16392 | Lair:6   | Killed Elkerch's ghost
 16428 | Lair:6   | Got an opalescent robe
 16439 | Lair:6   | Identified the +2 robe of Hedging {Str+3} (You found it on
                  | level 6 of the Lair of Beasts)
 17150 | D:11     | Bought the ring of Sauts {rC+ rN+ Int+3 Slay+2 SInv} for
                  | 846 gold pieces
 17207 | Orc:1    | Entered Level 1 of the Orcish Mines
 17320 | Orc:1    | Found a flagged portal.
 17331 | Bailey   | Entered a bailey
 17490 | Bailey   | Identified the ring of Agavuose {MR+ Int+2 Dex+4}
 17554 | Bailey   | Reached skill level 5 in Invocations
 17566 | Bailey   | Reached XP level 15. HP: 103/103 MP: 18/18
 17797 | Bailey   | Got a scorched glaive
 18281 | Orc:1    | Noticed a fire giant
 18294 | Orc:1    | Killed a fire giant
 18320 | Orc:1    | Found the +1 cloak of Starlight {rElec rC+ EV+4 Stlth--}
 18369 | Orc:1    | Found the +2 Maxwell's thermic engine {flame, freeze}
 18952 | Orc:2    | Entered Level 2 of the Orcish Mines
 19067 | Orc:2    | Noticed Maurice
 19252 | Orc:1    | Killed Maurice
 19351 | Orc:2    | Found a staircase to the Elven Halls.
 19974 | Orc:2    | Found Icaosir's Assorted Antiques.
 19974 | Orc:2    | Found Xeoramel's Food Emporium.
 19976 | Orc:2    | Found Ytzuom's Gadget Boutique.
 19976 | Orc:2    | Found Xofia's Magic Scroll Emporium.
 20034 | Orc:2    | Bought a scroll of identify for 30 gold pieces
 20034 | Orc:2    | Bought a scroll of identify for 30 gold pieces
 20034 | Orc:2    | Bought a scroll of identify for 30 gold pieces
 20034 | Orc:2    | Bought a scroll of identify for 30 gold pieces
 20037 | Orc:2    | Identified a scroll of acquirement
 20040 | Orc:2    | Acquired a manual of Shields
 20657 | D:12     | Noticed Frances
 20681 | D:12     | Killed Frances
 21391 | D:12     | Found Bopsopn's Food Emporium.
 21657 | D:13     | Found a gate to the Vaults.
 21794 | D:13     | Acquired a +1 eveningstar of flaming
 22212 | D:14     | Reached XP level 16. HP: 111/111 MP: 21/21
 22216 | D:14     | Reached skill level 16 in Shields
 22433 | D:14     | Found Ifowat's Blood Bar.
 22924 | D:14     | Reached skill level 10 in Armour
 22978 | D:15     | Entered Level 15 of the Dungeon
 23411 | D:15     | Found a shadowy altar of Dithmenos.
 23484 | D:15     | Found Setob's Armour Shoppe.
 23571 | D:15     | Found a staircase to the Depths.
 24373 | Swamp:1  | Entered Level 1 of the Swamp
 24514 | Swamp:1  | Reached skill level 17 in Shields
 25881 | Swamp:3  | Found a glowing golden altar of the Shining One.
 26298 | Swamp:3  | Noticed Nikola
 26318 | Swamp:3  | Killed Nikola
 26318 | Swamp:3  | Reached XP level 17. HP: 96/118 MP: 22/22
 26449 | Swamp:3  | Identified Roxanne's Tome of Transformation
 26449 | Swamp:3  | Noticed Roxanne
 26740 | Swamp:3  | Reached skill level 18 in Shields
 26999 | Swamp:3  | Learned a level 3 spell: Lesser Beckoning
 27365 | Swamp:4  | Entered Level 4 of the Swamp
 27454 | Swamp:4  | Reached skill level 19 in Shields
 27785 | Swamp:4  | Noticed a tentacled monstrosity
 27802 | Swamp:4  | Killed a tentacled monstrosity
 28476 | Swamp:4  | Got a decaying rune of Zot
 28740 | Spider:1 | Entered Level 1 of the Spider Nest
 29605 | Spider:2 | Reached XP level 18. HP: 113/128 MP: 23/23
 29854 | Spider:2 | Found a runed translucent gate.
 29865 | Spider:2 | Found a runed translucent gate.
 29865 | Spider:2 | Found a runed translucent gate.
 29869 | Spider:2 | Noticed Nuqinleag's ghost (adept GrEE)
 30259 | Spider:2 | Paralysed by a Zot trap for 4 turns
 30346 | Spider:2 | Killed Nuqinleag's ghost
 30346 | Spider:2 | Reached skill level 20 in Shields
 30732 | Spider:2 | Got a pair of faintly glowing gloves
 30745 | Spider:2 | Identified the +1 pair of gloves of Jiusuacw {rN+} (You
                  | found it on level 2 of the Spider Nest)
 31051 | Spider:3 | Found a frozen archway.
 31061 | IceCv    | Entered an ice cave
 31223 | IceCv    | Noticed an Ice Fiend
 31228 | IceCv    | Killed an Ice Fiend
 31813 | Spider:4 | Entered Level 4 of the Spider Nest
 32042 | Spider:4 | Reached skill level 21 in Shields
 32704 | Spider:4 | Reached XP level 19. HP: 127/135 MP: 24/24
 32733 | Spider:4 | Got a gossamer rune of Zot
 33138 | Elf:1    | Entered Level 1 of the Elven Halls
 33250 | Elf:1    | Found a white marble altar of Elyvilon.
 33250 | Elf:1    | Found a glowing golden altar of the Shining One.
 33251 | Elf:1    | Found a ruined gateway.
 33257 | Elf:1    | Found a magical portal.
 33264 | WizLab   | Entered Wucad Mu's Monastery
 33512 | WizLab   | Found the +9 staff of Wucad Mu {channel}
 33784 | Elf:1    | Found a glowing silver altar of Zin.
 33785 | Elf:1    | Reached skill level 22 in Shields
 34327 | Elf:1    | Found an ancient bone altar of Kikubaaqudgha.
 34375 | Elf:1    | Reached XP level 20. HP: 140/140 MP: 25/25
 34646 | Elf:2    | Reached skill level 1 in Spellcasting
 34716 | Elf:2    | Reached skill level 23 in Shields
 34762 | Elf:2    | Found Amotugg's Antique Armour Boutique.
 34771 | Elf:2    | Bought a shiny helmet for 217 gold pieces
 34825 | Elf:2    | Found a runed translucent gate.
 34825 | Elf:2    | Found a runed translucent gate.
 34826 | Elf:2    | Found a runed translucent gate.
 35324 | Elf:2    | HP: 4/140 [+3 glaive of freezing (16)]
 35384 | Elf:2    | HP: 6/140 [+1 vorpal dire flail (9)]
 35626 | Elf:2    | Reached skill level 5 in Spellcasting
 35917 | Elf:3    | Entered Level 3 of the Elven Halls
 36199 | Elf:3    | Reached XP level 21. HP: 91/146 MP: 30/30
 36211 | Elf:3    | Cast into level 2 of the Abyss (a deep elf sorcerer)
 36222 | Abyss:2  | Found a corrupted altar of Lugonu.
 36533 | Elf:3    | Escaped the Abyss
 36553 | Elf:3    | HP: 1/146 [deep elf blademaster/+0 quick blade (8)]
 36554 | Elf:3    | Slain by a deep elf blademaster

Illustrated notes

Levels and vault maps discovered:
D:1:      lightli_arrival_windingriver, layout_basic
D:2:      layout_basic, grunt_temple_overflow_cloverleaf,
          minmay_shallow_snake_nest
D:3:      layout_loops_corners, nrook_loot_triangle
D:4:      layout_rooms
D:5:      layout_rooms, first_ration, serial_shops, nicolae_shop_trees,
          chequers_ossuary_entry_cave, uniq_grinder
D:6:      layout_cave_pods, minmay_temple_entry_ruins
D:7:      layout_cave_pools, grunt_livestock,
          nicolae_gozag_cash_rules_everything_around_me
D:8:      layout_basic, serial_shops, kennysheep_mini_moat, minmay_door_square,
          corexii_leaking_fountain, corexii_checkpoint_a, uniq_erica,
          uniq_psyche, uniq_joseph
D:9:      layout_loops_corners, elyvilon_altar_4, grunt_temple_overflow_open,
          lemuel_crystal_altar, serial_shops, shop, uniq_erolcha
D:10:     layout_roguey, orc_0_dummy, basic_altar
D:11:     layout_loops_cross, minmay_lair_entry_grove, serial_shops,
          shop_fountains, uniq_gastronok, uniq_josephine
D:12:     layout_loops_cross, serial_shops, kennysheep_mini, uniq_frances
D:13:     layout_loops_ring, ximxim_vaults_locker_room, hex_medium
D:14:     layout_irregular_city, amethyst_killhole, guppyfry_shop_blood
D:15:     grunt_enter_depths_magical_seal, layout_irregular_city, serial_shops,
          nicolae_shop_trees, minivault_23, grunt_dithmenos_shadows
Lair:1:   layout_long_grid, nicolae_volcano_entry_s_turn, minivault_23,
          lemuel_fruit_fields
Lair:2:   layout_regular_city, patterned_corridor, infiniplex_staircase_pool,
          serial_bayou_shore_b, uniq_maggie
Lair:3:   layout_small_grid, spider_nest_entry_webs, beast_lair_carwin_6,
          serial_bayou_shore_b, grunt_megastairs_3
Lair:4:   layout_regular_city, minmay_swamp_entry_worms,
          chequers_serial_rivers_large_a, st_stairs_12, beast_lair_carwin_9
Lair:5:   layout_cave_pods, serial_bayou_shore_b, grunt_megastairs_1
Lair:6:   minmay_lair_end_enchanted_forest, layout_loops_ring, slime_altar_1,
          gammafunk_ghost_necromancy, nicolae_quartered_pool_medium,
          grunt_forest_small_clearings, st_stairs_3, lemuel_fruit_fields
Swamp:1:  layout_falls_marsh, serial_swamp_ruin, evilmike_swamp_ruin_house_5,
          evilmike_swamp_ruin_house_6, evilmike_swamp_ruin_house_3,
          infiniplex_staircase_pool_2
Swamp:2:  layout_basic_swamp, nicolae_swamp_dense_foliage
Swamp:3:  cheibrodos_swamp_heart_of_darkness, layout_falls_marsh,
          lemuel_altar_in_water, uniq_roxanne, uniq_nikola
Swamp:4:  swamp_vile, layout_basic_swamp
Spider:1: layout_spider_delve, hangedman_spider_tarantella_strand
Spider:2: layout_spider_delve, gammafunk_ghost_tricky_traps
Spider:3: layout_spider_delve, portal_ice_cave_entry_pillars_four
Spider:4: grunt_spider_rune_parallel, einodemon_crawler_minivault
Orc:1:    giant_chief_lemuel, layout_diamond_mine, enter_bailey_2,
          guppyfry_library_mini
Orc:2:    grunt_orc_tribal_feast, layout_caves, uniq_maurice
Elf:1:    minmay_elf_arrival_plus, layout_loops_cross, basic_altar,
          portal_desolation_entry_holy_temple, mu_enter_wizlab_4,
          evilmike_minifort, minivault_19, minmay_fountain_box
Elf:2:    layout_geoelf_grid, serial_shops, shop_coins
Elf:3:    minmay_elf_hall_furrowed, layout_rooms, serial_glass, glass_columns_a,
          glass_columns_b, glass_columns_c, glass_columns_a, glass_columns_a,
          glass_columns_a, glass_columns_c, glass_columns_b, item_on_display_a,
          due_unseen_surprise, feat_on_display

Skill      XL: |  1  2  3  4  5  6  7  8  9 10 11 12 13 14 15 16 17 18 19 20 21 |
---------------+----------------------------------------------------------------+-----
Maces & Flails | 3 4 5 6 7 9 11 12 14 15 16 | 16.0
Fighting       | 5 8 11 13 15 16 17 19 20 | 20.0
Armour         | 5 6 9 10 | 10.9
Shields        | 5 8 11 13 15 17 19 21 22 23 | 23.8
Invocations    | 5 7 |  7.0
Spellcasting   | 6 7 |  7.5

Action                   |  1- 3 |  4- 6 |  7- 9 | 10-12 | 13-15 | 16-18 | 19-21 || total
-------------------------+-------+-------+-------+-------+-------+-------+-------++-------
Melee: Flail             |    92 |   146 |       |       |   107 |       |       ||   345
       Whip              |       |    26 |   457 |   561 |  1671 |       |       ||  2715
       Eveningstar       |       |       |       |       |    22 |  1239 |   658 ||  1919
Throw: Javelin           |       |       |     6 |     4 |     3 |    10 |       ||    23
       Dart              |       |       |       |       |       |     2 |     1 ||     3
       Throwing net      |       |       |       |       |       |     1 |     1 ||     2
Invok: Disaster Area     |       |       |       |       |       |       |     1 ||     1
       Elemental Force   |       |       |       |       |       |       |     1 ||     1
 Abil: Fly               |       |       |       |       |     1 |       |       ||     1
Evoke: Wand              |       |       |       |     6 |     1 |     1 |       ||     8
  Use: Scroll            |       |       |     8 |     6 |    19 |    17 |     9 ||    59
       Potion            |       |       |     4 |     1 |       |    16 |    13 ||    34
 Stab: Distracted        |       |       |       |       |     1 |       |       ||     1
  Eat: Chunk             |       |     6 |     6 |    17 |    29 |    24 |     2 ||    84
       Ration            |       |       |     1 |       |     3 |     3 |     4 ||    11
Armor: Scale mail        |    38 |    92 |   128 |       |       |       |       ||   258
       Ring mail         |       |       |       |   119 |   321 |   550 |   183 ||  1173
Dodge: Dodged            |    33 |    66 |    79 |    94 |   254 |   403 |   164 ||  1093
       Repelled          |       |       |       |     8 |    10 |    13 |    16 ||    47
Block: Kite shield       |    39 |   118 |   253 |   343 |  1316 |  1580 |   722 ||  4371
